 Dungeon Sprint DCSS version 0.31-a0-841-g038b102fc3 (webtiles) character file.

Game seed: 4834436612146027277

33 sircluck the Ruffian (level 3, -4/39 HPs)
             Began as a Troll Berserker on Sept 27, 2023.
             Was a Believer of Trog.
             Slain by an orc
             ... wielding a +0 falchion
              (7 damage)
             ... in the Dungeon (Sprint VII: "The Pits").
             The game lasted 00:00:26 (33 turns).

sircluck the Ruffian (Troll Berserker)                Turns: 33, Time: 00:00:26

Health: -4/39      AC:  4    Str: 27    XL:     3   Next: 12%
Magic:  2/2        EV: 10    Int:  3    God:    Trog [**....]
Gold:   0          SH:  0    Dex:  9    Spells: 2/2 levels left

rFire   . .          .
                       - Unarmed
rCold   . . .        (no shield)
rNeg    . . .        a - +0 animal skin
rPois   .            (helmet restricted)
rElec   .            (no cloak)
rCorr   .            (gloves unavailable)
SInv    .            (boots unavailable)
Will    .....        (no amulet)
Stlth   +            (no ring)
HPRegen 1.06/turn    (no ring)
MPRegen 0.08/turn

%: no teleportation
@: no status effects
A: large, unfitting armour, claws 3, regeneration 1, shaggy fur 1, tough skin 1
a: Renounce Religion, Berserk, Trog's Hand


You were in the Dungeon.
You worshipped Trog.
Trog was pleased with you.
You visited 1 branch

Inventory:

Armour
 a - a +0 animal skin (worn)
Scrolls
 g - a scroll of blinking
Potions
 b - a potion of curing
 c - a potion of heal wounds
 d - a potion of haste
 e - 2 potions of magic
 f - a potion of berserk rage


   Skills:
 + Level 3.9 Fighting
 + Level 3.8 Dodging
 + Level 4.6 Unarmed Combat


You had 2 spell levels left.
You didn't know any spells.
Your spell library was empty.

Dungeon Overview and Level Annotations

Branches:
Dungeon (1/1)

Altars:


Innate Abilities, Weirdness & Mutations

You are too large for most types of armour.
You have claws for hands.
Your natural rate of healing is unusually fast.
You are covered in fur. (AC +1)
You have tough skin. (AC +1)


Message History

The kobold barely misses you.
Unknown command.
Unknown command.
You claw the orc!
You kill the orc!
Trog accepts your kill.
You can now call upon Trog for regeneration and willpower.
The kobold closely misses you. The kobold completely misses you.
Unknown command.
Unknown command.
Unknown command.
Unknown command.
You scratch the kobold.
The kobold is moderately wounded.
The kobold barely misses you. The kobold hits you with a +0 dagger.
* * * LOW HITPOINT WARNING * * *
The orc hits you with a +0 short sword.
* * * LOW HITPOINT WARNING * * *
You barely miss the kobold.
The kobold is moderately wounded.
The kobold hits you with a +0 dagger.
* * * LOW HITPOINT WARNING * * *
The orc hits you but does no damage. The kobold hits you but does no damage.
Unknown command.
Unknown command.
Unknown command.
You scratch the kobold.
You kill the kobold!
Trog accepts your kill. The orc hits you with a +0 short sword.
* * * LOW HITPOINT WARNING * * *
Unknown command.
Unknown command.
You barely miss the centaur.
The centaur hits you but does no damage.
The centaur kicks you but does no damage.
The orc hits you with a +0 short sword.
* * * LOW HITPOINT WARNING * * *
The orc hits you with a +0 falchion!
You die...

#................+
+................+
#......#..#......#
#................#
####'#####''######
#.......##''#
#.......##..##
#.......##..o##
#...<...###@c.##+##.
#.......# ##oK......
#.......# #..###+###
#.......##c.##
##########.K #.K ##.
##


You could see a centaur, 2 orcs and a kobold.

Vanquished Creatures
  An orc priest (D)
  An orc (D)
  2 kobolds (D)
4 creatures vanquished.

Notes
Turn   | Place    | Note
-------+----------+-------------------------------------------
     0 | D        | sircluck the Troll Berserker began the quest for the Orb.
     0 | D        | Reached XP level 1. HP: 22/22 MP: 0/0
    16 | D        | Noticed an orc priest
    16 | D        | Noticed a kobold demonologist
    16 | D        | Noticed a kobold brigand
    18 | D        | Noticed a centaur
    27 | D        | Killed an orc priest
    28 | D        | Reached skill level 4 in Unarmed Combat
    28 | D        | Reached XP level 2. HP: 7/32 MP: 1/1
    28 | D        | Reached XP level 3. HP: 9/39 MP: 2/2
    29 | D        | Reached ** piety under Trog
    33 | D        | Slain by an orc

Illustrated notes

Levels and vault maps discovered:
D:        pitsprint [storerooms_1, entrance_room_1, metal_vault_5, armoury_2,
          mini_pit_1, grid_room_1, main_hall_1, silver_pit, the_coven_3,
          the_vestibule_1, steel_vault_5, golden_pit, hallway_of_sentries,
          crystal_vault_1, iron_vault_2, final_vault]

Skill      XL: |  1 |
---------------+----+-----
Fighting       | 3 |  3.9
Dodging        | 3 |  3.8
Unarmed Combat | 4 |  4.6

Action                     || total
---------------------------++-------
  Melee: Unarmed           ||    14
 Armour: Animal skin       ||    22
  Dodge: Dodged            ||    10

Table legend: (Time is in decaauts)
 A = Elapsed time spent in this place.
 B = Non-inter-level travel time spent in this place.
 C = Inter-level travel time spent in this place.
 D = Time resting spent in this place.
 E = Time spent auto-exploring this place.
 F = Levels seen in this place.
 G = Mean time per level.
                   A        B        C        D        E       F      G
               +--------+--------+--------+--------+--------+-----+--------+
         Total |     32 |     32 |      0 |      0 |     16 |   1 |   32.0 |
       Dungeon |     32 |     32 |      0 |      0 |     16 |   1 |   32.0 |
               +--------+--------+--------+--------+--------+-----+--------+

Top non-repeatable levels by time:
       D: 32 daAuts
